Map: Simulacrum LE

Players

Aicy

  • Race: Zerg Zerg
  • League: Master
  • Spawn Location: 11:00

RemZero - Winner!

  • Race: Zerg Zerg
  • League: Gold
  • Spawn Location: 5:00

VOD

Have the link to the VOD?

Description

Time

  • Played on: March 7, 2020, 3:10 p.m.
  • Length: 10:14
Show
View Real Time Build Order
Export as new Build Order

Aicy Zerg 

Build Orders: Hatch First 

Get SALT Encoding   

  12  0:01  Drone  
  13  0:12  Overlord  
  13  0:17  Drone  
  14  0:30  Drone  
  14  0:31  Drone  
  14  0:34  Drone  
  17  0:51  Hatchery  
  17  0:55  Drone  
  17  0:58  Drone  
  18  1:06  Extractor  
  17  1:13  Spawning Pool  
  17  1:16  Drone  
  17  1:20  Drone  
  18  1:31  Drone  
  19  1:40  Drone  
  20  1:50  Overlord  
  20  2:00  Queen  
  22  2:03  Zergling x4, Queen  
  22  2:07  Metabolic Boost  
  26  2:11  Drone  
  26  2:15  Drone  
  28  2:22  Drone  
  29  2:34  Hatchery  
  29  2:36  Drone  
  29  2:39  Drone  
  29  2:42  Drone  
  31  2:46  Baneling Nest  
  30  2:52  Drone  
  30  2:55  Drone  
  32  3:00  Drone  
  32  3:02  Zergling x2  
  34  3:07  Drone x2  
  34  3:12  Overlord  
  36  3:16  Extractor  
  36  3:17  Drone  
  36  3:18  Extractor  
  37  3:23  Overlord  
  37  3:30  Baneling x2  
  37  3:31  Baneling x2  
  37  3:32  Zergling x2  
  37  3:33  Drone x5  
  43  3:41  Queen  
  43  3:45  Drone x2  
  43  3:47  Overlord  
  47  3:55  Drone x4  
  49  3:56  Drone  
  49  3:59  Drone x2  
  53  4:07  Extractor  
  52  4:11  Evolution Chamber  
  52  4:13  Drone  
  52  4:14  Drone  
  52  4:16  Lair  
  53  4:19  Overlord  
  53  4:25  Roach Warren  
  53  4:26  Drone x3  
  53  4:27  Drone x3  
  58  4:37  Zerg Missile Weapons Level 1  
  57  4:40  Zergling x10  
  57  4:43  Baneling  
  62  4:46  Spine Crawler  
  62  4:48  Overlord  
  62  4:51  Queen  
  63  4:56  Overlord x2  
  62  5:07  Drone x3  
  62  5:09  Overlord  
  62  5:10  Overlord x2  
  62  5:12  Extractor  
  61  5:19  Drone, Glial Reconstitution  
  60  5:23  Drone x4  
  60  5:25  Drone  
  60  5:26  Extractor  
  60  5:27  Roach x4  
  72  5:30  Roach x2  
  76  5:39  Queen  
  76  5:41  Roach  
  76  5:42  Roach, Zergling x4  
  82  5:46  Overseer  
  82  5:49  Queen x2  
  86  5:55  Zergling x2  
  86  5:56  Zergling x6  
  90  5:57  Roach x2  
  90  6:01  Baneling  
  92  6:04  Zergling x2  
  92  6:05  Zergling x8  
  92  6:09  Baneling x2  
  97  6:11  Overlord  
  97  6:12  Overlord  
  97  6:24  Drone x4  
  97  6:25  Drone x3  
  98  6:31  Spore Crawler  
  98  6:32  Spore Crawler  
  96  6:34  Spore Crawler  
  96  6:35  Zerg Missile Weapons Level 2  
  96  6:39  Queen  
  97  6:43  Queen  
  97  6:47  Spore Crawler  
  97  6:58  Roach  
  97  6:59  Roach x3  
  102  7:02  Infestation Pit  
  97  7:09  Overlord  
  97  7:10  Overlord x3  
  97  7:13  Drone  
  97  7:16  Queen  
  95  7:26  Queen x2  
  93  7:34  Spore Crawler  
  93  7:36  Spore Crawler  
  74  7:48  Roach x3  
  74  7:49  Roach  
  82  7:52  Queen  
  84  8:01  Queen  
  84  8:03  Spore Crawler  
  83  8:10  Drone x7  
  74  8:20  Pathogen Glands  
  74  8:21  Roach  
  74  8:22  Roach  
  74  8:24  Zergling x2  
  74  8:26  Zergling x2  
  64  8:36  Spore Crawler  
  63  8:46  Drone x6  
  63  8:47  Drone x2  
  69  9:00  Roach x4  
  69  9:09  Drone x8  
  76  9:16  Queen  
  71  9:24  Queen  
  66  9:27  Queen  
  66  9:37  Drone x4  
  70  9:39  Spore Crawler  
  71  9:55  Drone  
  71  9:56  Extractor  
  71  9:57  Drone  
Show
View Real Time Build Order
Export as new Build Order

RemZero Zerg - Winner!

Build Orders: Hatch First, Muta Ling Bane 

Get SALT Encoding   

  12  0:00  Drone  
  13  0:13  Overlord  
  13  0:17  Drone  
  14  0:31  Drone x2  
  14  0:35  Drone  
  17  0:52  Hatchery  
  17  0:55  Drone  
  17  0:58  Drone  
  18  1:09  Extractor  
  17  1:14  Spawning Pool  
  17  1:17  Drone  
  17  1:19  Drone  
  18  1:29  Drone  
  19  1:44  Drone  
  20  1:55  Drone  
  21  2:03  Drone, Queen  
  21  2:06  Queen  
  27  2:08  Zergling x2  
  27  2:11  Metabolic Boost  
  27  2:12  Overlord  
  27  2:15  Drone  
  28  2:31  Drone x2  
  28  2:36  Baneling Nest  
  30  2:37  Drone x2  
  30  2:39  Queen  
  33  2:45  Queen  
  33  2:50  Overlord  
  35  2:58  Drone  
  35  3:08  Drone  
  35  3:09  Drone x3  
  35  3:12  Drone x3  
  42  3:16  Drone  
  42  3:17  Drone  
  44  3:20  Lair  
  44  3:28  Extractor, Zergling x2  
  44  3:29  Extractor  
  44  3:30  Overlord, Zergling x2  
  44  3:36  Overlord  
  44  3:38  Overlord  
  44  3:47  Baneling  
  44  3:48  Baneling  
  44  3:51  Drone x5  
  49  3:56  Drone x4  
  49  4:00  Drone  
  54  4:02  Evolution Chamber  
  54  4:07  Drone  
  54  4:15  Extractor  
  54  4:16  Zergling x2  
  54  4:17  Zergling x2  
  54  4:21  Drone x3  
  58  4:25  Spire  
  58  4:27  Zergling x2  
  58  4:30  Zergling x2  
  59  4:33  Zergling x2  
  59  4:34  Zergling x4  
  61  4:42  Overlord  
  61  4:46  Zerg Melee Weapons Level 1  
  61  5:00  Hatchery  
  61  5:05  Zergling x6  
  63  5:12  Zergling x2  
  63  5:13  Zergling x10  
  63  5:14  Overlord  
  69  5:20  Zergling x2  
  70  5:25  Overlord  
  70  5:28  Baneling x3  
  70  5:33  Baneling  
  70  5:34  Zergling x2  
  69  5:45  Baneling x2  
  69  5:46  Mutalisk x4  
  69  5:47  Mutalisk x3  
  81  5:58  Baneling x3  
  81  6:01  Mutalisk  
  81  6:04  Zergling x4  
  84  6:25  Drone x2  
  82  6:26  Mutalisk  
  82  6:27  Mutalisk  
  82  6:31  Zergling x12  
  92  6:37  Queen  
  92  6:39  Mutalisk x2  
  95  6:55  Mutalisk  
  95  6:58  Drone  
  95  7:02  Drone x4  
  94  7:10  Baneling x7  
  94  7:11  Zergling x6  
  97  7:15  Overlord  
  97  7:18  Overlord  
  97  7:22  Drone x6  
  97  7:23  Overlord  
  97  7:24  Zerg Flyer Weapons Level 1, Extractor  
  97  7:25  Extractor  
  97  7:28  Zergling x2  
  97  7:29  Zergling x4  
  94  7:39  Zergling x6  
  94  7:43  Mutalisk  
  98  7:45  Zerg Melee Weapons Level 2, Drone  
  98  7:51  Mutalisk  
  99  7:53  Overlord  
  99  7:55  Baneling x4  
  99  7:57  Zergling x2  
  99  7:58  Zergling x16  
  109  8:12  Mutalisk  
  104  8:13  Mutalisk  
  97  8:21  Drone x7  
  97  8:23  Drone x2  
  97  8:25  Drone  
  98  8:30  Drone  
  98  8:33  Drone  
  100  8:39  Drone x2  
  102  8:42  Zergling x4  
  102  8:43  Zergling x2  
  102  8:44  Infestation Pit  
  102  8:46  Zergling x2  
  102  8:47  Centrifical Hooks, Zergling x2  
  106  8:50  Hatchery  
  105  8:59  Mutalisk  
  105  9:00  Mutalisk  
  106  9:08  Mutalisk  
  100  9:10  Zergling x2  
  99  9:22  Mutalisk x2  
  97  9:25  Zergling x16  
  97  9:28  Drone  
  104  9:37  Drone, Spine Crawler  
  104  9:39  Mutalisk x2, Spine Crawler  
  105  9:46  Mutalisk  
  105  9:49  Zergling x4  
  109  9:56  Drone  
  108  10:12  Hatchery  
Tags
 
Add a new tag
Caveats
  • Supply blocks, unpowered buildings, or Contaminate may cause inaccurate times.
  • Supply counts are checked every 10 seconds.